 Dungeon Crawl Stone Soup version 0.24-a0-615-g751f86b5a9 (webtiles) character file.

Game seed: 3158253147859949582, levelgen mode: deterministic

236 2BsUSBport the Skirmisher (level 5, -10/42 HPs)
             Began as a Demonspawn Abyssal Knight on Sept 13, 2019.
             Was a Believer of Lugonu.
             Killed by divine providence
             ... invoked by an orc priest
              (11 damage)
             ... on level 3 of the Dungeon.
             The game lasted 00:12:00 (2414 turns).

2BsUSBport the Skirmisher (DsAK)                    Turns: 2414, Time: 00:12:01

Health: -10/42     AC: 24    Str: 13    XL:     5   Next: 77%
Magic:  4/6        EV: 11    Int: 13    God:    Lugonu [**....]
Gold:   130        SH:  0    Dex: 18    Spells: 4/4 levels left

rFire    . . .     SeeInvis .   a - +1 hand axe
rCold    + + .     Gourm    .   (no shield)
rNeg     . . .     Faith    .   e - +13 plate armour of Charity {rC+}
rPois    .         Spirit   .   (no helmet)
rElec    .         Reflect  .   (no cloak)
rCorr    .         Harm     .   (no gloves)
MR       .....                  (no boots)
Stlth    ..........             (no amulet)
HPRegen  0.14/turn              p - +3 ring of evasion
MPRegen  0.10/turn              (no ring)

@: agile, lethally poisoned (-10 -> -12), lightly drained
A: hooves 1, cold resistance 1, powered by death 2
a: Depart the Abyss, Bend Space, Renounce Religion


You were on level 3 of the Dungeon.
You worshipped Lugonu.
Lugonu was pleased with you.
You were not hungry.

You visited 1 branch of the dungeon, and saw 3 of its levels.
You visited the Abyss 1 time.

You collected 130 gold pieces.

Inventory:

Hand Weapons
 a - a +1 hand axe (weapon)
Armour
 b - a +1 leather armour
 e - the +13 plate armour of Charity (worn) {rC+}
   (You found it on level 2 of the Abyss)

   It protects you from cold.
Jewellery
 l - a cursed +5 amulet of reflection
 p - a +3 ring of evasion (left hand)
Miscellaneous
 d - a phial of floods (inert)
Comestibles
 m - 6 rations


   Skills:
 + Level 4.3(4.0) Fighting
 + Level 4.1(3.8) Axes
 + Level 2.7(2.4) Armour
 + Level 0.8(0.5) Dodging
 + Level 0.1(0.0) Stealth
 + Level 2.5(2.2) Invocations


You had 4 spell levels left.
You didn't know any spells.
Your spell library was empty.

Dungeon Overview and Level Annotations

Branches:
Dungeon (3/15)

Altars:

Annotations:
D:3 3 runed translucent doors, freakyemo's ghost, amateur HuFi


Innate Abilities, Weirdness & Mutations

You have large cloven feet.
Your flesh is cold resistant. (rC+)
You regenerate health from kills.


Message History

The orc priest calls down the wrath of Beogh upon you.
Beogh smites you!
* * * LOW HITPOINT WARNING * * *
The orc barely misses you. The orc misses you. Space bends around you!
You blink.
You feel sick. Space bends around you!
You blink.
The orc priest calls upon Beogh to heal the orc.
The orc's wounds heal themselves!
Okay, then.
You feel sick.
* * * LOW HITPOINT WARNING * * *
You feel sick.
* * * LOW HITPOINT WARNING * * *
You feel sick.
The orc priest looks braver for a moment.
* * * LOW HITPOINT WARNING * * *
You feel sick.
The orc priest mumbles some strange prayers to Beogh against you.
Beogh smites you!
You die...

#..+...# #..#...##
######..#....# #
#.......## ...###.
#........## ......
#.....(....###...#
#.......'.oo.#####
#.......####o.....
#@......#...[.....
#.o.....#.#####.##
#oo.....#.# #.#
#.......#.# #..
#.......#.## ####
#.......'...
#.......#.##
#####'#.#.. #...#
..


You could see an orc priest and 2 orcs.

Vanquished Creatures
  A centaur (D:2)
  An orc priest (D:3)
  4 gnolls (D:2)
  3 dart slugs
  2 worms (D:2)
  A leopard gecko (D:2)
  2 orcs (D:3)
  3 giant cockroaches
  13 hobgoblins
  3 jackals (D:3)
  A quokka (D:2)
  A ball python (D:1)
  10 bats
  3 frilled lizards
  2 goblins
  16 kobolds
  7 rats
73 creatures vanquished.

Notes
Turn   | Place    | Note
-------+----------+-------------------------------------------
     0 | Abyss:1  | 2BsUSBport the Demonspawn Abyssal Knight began the quest
                  | for the Orb.
     0 | Abyss:1  | Reached XP level 1. HP: 18/18 MP: 2/2
    16 | Abyss:2  | Found a viscous altar of Jiyva.
    31 | Abyss:2  | Found a viscous altar of Jiyva.
    38 | Abyss:2  | Got a faintly glowing plate armour
    41 | Abyss:2  | Noticed a flying skull
    43 | Abyss:2  | Noticed an insubstantial wisp
    66 | Abyss:2  | Noticed an iron imp
    67 | D:1      | Escaped the Abyss
    90 | D:1      | Identified the +13 plate armour of Charity {rC+} (You found
                  | it on level 2 of the Abyss)
   399 | D:1      | Gained mutation: You regenerate a little health from kills.
                  | [demonic ancestry]
   399 | D:1      | Reached XP level 2. HP: 24/24 MP: 3/3
   489 | D:1      | Reached * piety under Lugonu
  1079 | D:2      | Gained mutation: You regenerate health from kills. [demonic
                  | ancestry]
  1079 | D:2      | Reached XP level 3. HP: 28/30 MP: 4/4
  1258 | D:2      | Gained mutation: You have large cloven feet. [demonic
                  | ancestry]
  1258 | D:2      | Reached XP level 4. HP: 26/37 MP: 5/5
  1457 | D:2      | Noticed a centaur
  1476 | D:2      | Killed a centaur
  1476 | D:2      | Gained mutation: Your flesh is cold resistant. (rC+)
                  | [demonic ancestry]
  1476 | D:2      | Reached XP level 5. HP: 35/42 MP: 6/6
  1532 | D:2      | Found a faded altar of an unknown god.
  2210 | D:3      | Reached ** piety under Lugonu
  2343 | D:3      | Noticed freakyemo's ghost (amateur HuFi)
  2388 | D:3      | Found a runed translucent gate.
  2388 | D:3      | Found a runed translucent gate.
  2388 | D:3      | Found a runed translucent gate.
  2408 | D:3      | HP: 2/42 [poisoned by an orc]
  2414 | D:3      | HP: 1/42 [poisoned by an orc]
  2414 | D:3      | Killed from afar by an orc priest

Levels and vault maps discovered:
D:1:      dpeg_arrival_ternary, layout_basic, kennysheep_boxes
D:2:      layout_basic, chequers_ecumenical_altar_simple_redux, first_ration,
          chequers_serial_rivers_small_b
D:3:      layout_basic, gammafunk_ghost_icy

Skill      XL: |  1  2  3  4  5 |
---------------+----------------+-----
Armour         | 2 |  2.7
Axes           | 2 3 4 |  4.1
Fighting       | 4 |  4.3
Dodging        | |  0.8
Stealth        | |  0.1
Invocations    | |  2.5

Action                   |  1- 3 |  4- 6 || total
-------------------------+-------+-------++-------
Melee: Hand axe          |   135 |   122 ||   257
       Kick              |       |    25 ||    25
Invok: Depart the Abyss  |     1 |       ||     1
       Bend Space        |       |     4 ||     4
Evoke: Phial of floods   |       |     1 ||     1
  Use: Scroll            |       |     7 ||     7
       Potion            |       |     4 ||     4
  Eat: Ration            |     1 |     1 ||     2
Armor: Plate armour      |   153 |   125 ||   278
Dodge: Dodged            |    30 |    49 ||    79

Table legend:
 A = Non-vault XP
 B = Vault XP
 C = Vault XP percentage of total XP
 D = Non-vault monster count
 E = Vault monster count
 F = Vault count percentage of total count
                 A         B        C        D         E       F
            +---------+---------+-------+---------+---------+-------
      Total |     338 |       0 |   0.0 |      73 |       0 |   0.0
            +---------+---------+-------+---------+---------+-------
        D:1 |      40 |       0 |   0.0 |      22 |       0 |   0.0
        D:2 |     222 |       0 |   0.0 |      30 |       0 |   0.0
        D:3 |      76 |       0 |   0.0 |      21 |       0 |   0.0
            +---------+---------+-------+---------+---------+-------
